[Event "DVM U14 2021"]
[Site "Willingen"]
[Date "2022.08.13"]
[Round "2"]
[White "Jones, Richard S."]
[Black "Huber, Laura"]
[Result "1/2-1/2"]
[ECO "C50"]
[WhiteElo "2394"]
[BlackElo "1302"]
[Annotator "TA"]
[PlyCount "69"]
[EventDate "2022.08.12"]
[EventType "team-tourn"]
[EventRounds "7"]
[EventCountry "GER"]
[SourceTitle "playchess.com"]
[Source "ChessBase"]
[SourceQuality "1"]
[TimeControl "40/5400+30:1800+30"]

1. e4 e5 2. Nf3 Nc6 3. Bc4 Bc5 4. d3 d6 5. h3 Na5 6. Bb3 {[%emt 0:00:10] C50: Hungarian Defence and Giuoco Pianissimo.} Nxb3 7. axb3 Be6 8. Nc3 {[%emt 0:01:31] [#] The position is equal.} a6 $146 ({Predecessor:} 8... Ne7 9. O-O O-O 10. Bg5 Qd7 11. Qd2 Ng6 12. Ne2 f5 13. exf5 Bxf5 14. Nh4 Nxh4 15. Bxh4 {½-½ (56) Duplancic,L-Jaksic,J (1385) Trogir 2017}) 9. Ne2 Ne7 10. Bd2 f5 11. b4 Bb6 12. Nc3 O-O 13. Ng5 Bd7 ({Of course not} 13... Bf7 $6 14. O-O $11) 14. Na4 Ba7 15. c4 (15. Nc3 $17) 15... fxe4 (15... h6 $19 16. Nf3 fxe4 17. dxe4 Qe8) 16. Nxe4 $17 Bc6 (16... Nc6 $17 17. O-O Bf5) 17. Nac3 $15 Ng6 (17... Qe8 $17) 18. O-O $1 $11 Nf4 19. Be3 Bd7 20. Kh2 {[%emt 0:12:14] [#]} (20. b5 $11 {keeps the balance.}) 20... Qh4 $1 $17 21. Bxf4 Qxf4+ 22. g3 ({White should play} 22. Kg1 $1 $15) 22... Qh6 23. h4 Qe6 24. Ng5 {[%emt 0:06:54] Prevents Qh3+.} Qg4 (24... Qe8 $19 {aiming for ...h6.} 25. c5 h6 26. Qb3+ Kh8) 25. Qxg4 $15 Bxg4 26. f3 Bf5 27. Nge4 Bd4 28. g4 Be6 29. Ra2 {[%emt 0:00:42] This move loses the game for White.} (29. Kg3 $11 {and White has nothing to worry.}) 29... Bxg4 $19 {[%emt 0:02:16] Black is clearly better.} 30. Kg3 Be6 31. Rfa1 Rac8 32. b5 axb5 33. Nxb5 Bb6 {[%emt 0:00:27] This bishop pair is nice.} 34. Rc1 (34. b4 $142) 34... d5 35. Ng5 {[%emt 0:03:30] Weighted Error Value: White=0.31/Black=0.17 (very precise)} 1/2-1/2

[Event "DVM U14 2021"]
[Site "Willingen"]
[Date "2022.08.13"]
[Round "2"]
[White "Fuhrmann, Bahne"]
[Black "Sidletskyi, Ivan"]
[Result "1-0"]
[ECO "E05"]
[WhiteElo "1973"]
[BlackElo "2075"]
[Annotator "NA RC"]
[PlyCount "77"]
[EventDate "2022.08.12"]
[EventType "team-tourn"]
[EventRounds "7"]
[EventCountry "GER"]
[SourceTitle "playchess.com"]
[Source "ChessBase"]
[SourceQuality "1"]
[TimeControl "40/5400+30:1800+30"]

1. d4 e6 2. c4 Nf6 3. g3 d5 4. Bg2 Be7 5. Nf3 O-O 6. O-O dxc4 7. Qc2 a6 8. a4 Bd7 9. Rd1 Bc6 $11 10. Nc3 Nd5 11. e4 Nb4 12. Qe2 Nd3 13. b3 Nxc1 14. Raxc1 cxb3 15. Qc4 b5 16. Qxb3 bxa4 17. Qa2 a3 18. Ne5 Bb7 19. d5 exd5 20. Nxd5 Bxd5 21. Rxd5 Qc8 22. Bf1 c6 23. Nxf7 Rxf7 24. Rf5 Bf6 25. Bc4 Raa7 26. Be6 Qe8 27. e5 Bd8 28. Rb1 Kf8 29. Bxf7 Rxf7 30. Rxf7+ Qxf7 31. Qxa3+ Qe7 32. Qf3+ Qf7 33. Qxf7+ Kxf7 34. Rxb8 Ke7 35. f4 g6 36. Kf2 Bc7 37. Rb7 Kd7 38. e6+ Kc8 39. e7 1-0

[Event "DVM U14 2021"]
[Site "Willingen"]
[Date "2022.08.13"]
[Round "2"]
[White "Malinowsky, Levi"]
[Black "Isbilir, Levin"]
[Result "1-0"]
[ECO "B51"]
[WhiteElo "1814"]
[BlackElo "1629"]
[Annotator "NA RC COMBH"]
[PlyCount "63"]
[EventDate "2022.08.12"]
[EventType "team-tourn"]
[EventRounds "7"]
[EventCountry "GER"]
[SourceTitle "playchess.com"]
[Source "ChessBase"]
[SourceQuality "1"]
[TimeControl "40/5400+30:1800+30"]

1. e4 c5 2. Nf3 Nc6 3. Bb5 d6 4. O-O Bd7 5. c3 a6 6. Ba4 Nf6 7. Re1 b5 8. Bc2 e5 9. h3 Be7 10. d4 cxd4 11. cxd4 exd4 12. Nxd4 Nxd4 13. Qxd4 Rc8 14. Nc3 Be6 15. Bf4 O-O 16. Rad1 Bxa2 17. e5 Nh5 18. Qe4 g6 19. Bh6 d5 20. Nxd5 Bxd5 21. Rxd5 Qa5 22. Bxf8 Rc4 23. Bxe7 Rxe4 24. Rxe4 h6 25. Bf6 Nxf6 26. exf6 Qa1+ 27. Kh2 Qc1 28. Rd8+ Kh7 29. Ree8 Qf4+ 30. Kg1 Qc1+ 31. Bd1 g5 32. Rg8 1-0

[Event "DVM U14 2021"]
[Site "Willingen"]
[Date "2022.08.13"]
[Round "2"]
[White "Braeutigam, Alexander"]
[Black "Martin Fernandez, Rafael"]
[Result "1-0"]
[ECO "A57"]
[WhiteElo "1771"]
[BlackElo "1645"]
[Annotator "NA RC COMBH"]
[PlyCount "105"]
[EventDate "2022.08.12"]
[EventType "team-tourn"]
[EventRounds "7"]
[EventCountry "GER"]
[SourceTitle "playchess.com"]
[Source "ChessBase"]
[SourceQuality "1"]
[TimeControl "40/5400+30:1800+30"]

1. d4 Nf6 2. c4 c5 3. d5 b5 4. cxb5 a6 5. b6 g6 6. Nc3 Bg7 7. e4 d6 8. Qb3 Bb7 9. a4 a5 10. Nb5 Na6 11. f3 O-O 12. Bc4 Nd7 13. Bd2 Qxb6 14. Ne2 Ne5 15. Bc3 Nb4 16. O-O Ba6 17. Bxe5 Bxe5 18. Kh1 Bxb5 19. axb5 Qa7 20. Nc3 Bg7 21. Na4 f5 22. g3 Kh8 23. Rae1 f4 24. Kg2 Rab8 25. Qd1 Qd7 26. Qd2 g5 27. g4 Bd4 28. Rh1 h5 29. h4 hxg4 30. hxg5+ Kg7 31. Rh4 gxf3+ 32. Kxf3 Rh8 33. Reh1 Rxh4 34. Rxh4 Rh8 35. Rxh8 Kxh8 36. Qh2+ Kg8 37. g6 Bg7 38. Qh7+ Kf8 39. Kxf4 Nc2 40. Qh5 Be5+ 41. Kf3 Nd4+ 42. Ke3 Qd8 43. Qg4 Bf6 44. b6 Nc2+ 45. Kd2 Nd4 46. b7 e6 47. dxe6 d5 48. g7+ Kg8 49. e7 Bxe7 50. Bxd5+ Ne6 51. b8=Q Qxb8 52. Bxe6+ Kh7 53. g8=Q+ 1-0

[Event "DVM U14 2021"]
[Site "Willingen"]
[Date "2022.08.13"]
[Round "2"]
[White "Nitsche, Nikolai"]
[Black "Hoffmann, Kay"]
[Result "1-0"]
[ECO "A04"]
[WhiteElo "1764"]
[BlackElo "1653"]
[Annotator "NA RC COMBH"]
[PlyCount "57"]
[EventDate "2022.08.12"]
[EventType "team-tourn"]
[EventRounds "7"]
[EventCountry "GER"]
[SourceTitle "playchess.com"]
[Source "ChessBase"]
[SourceQuality "1"]
[TimeControl "40/5400+30:1800+30"]

1. Nf3 g6 2. g3 Bg7 3. Bg2 e5 4. O-O Nc6 5. e4 Nge7 6. Nc3 O-O 7. d3 d6 8. Nh4 Be6 9. f4 f5 10. Be3 h6 11. Qd2 Kh7 12. Rae1 Qd7 13. h3 fxe4 14. dxe4 exf4 15. gxf4 Bxh3 16. Rf3 Bg4 17. Rg3 Bf6 18. Nf3 h5 19. e5 dxe5 20. Qxd7 Bxd7 21. fxe5 Nxe5 22. Bc5 Rfe8 23. Nxe5 Nf5 24. Rd3 Bxe5 25. Rxd7+ Kh6 26. Red1 b6 27. Bxa8 bxc5 28. Bc6 Bd4+ 29. R7xd4 1-0

[Event "DVM U14 2021"]
[Site "Willingen"]
[Date "2022.08.13"]
[Round "2"]
[White "Bongardt, Livius"]
[Black "Apel, Linus"]
[Result "1-0"]
[ECO "C65"]
[WhiteElo "1756"]
[BlackElo "1488"]
[Annotator "NA RC COMBH"]
[PlyCount "85"]
[EventDate "2022.08.12"]
[EventType "team-tourn"]
[EventRounds "7"]
[EventCountry "GER"]
[SourceTitle "playchess.com"]
[Source "ChessBase"]
[SourceQuality "1"]
[TimeControl "40/5400+30:1800+30"]

1. e4 e5 2. Nf3 Nc6 3. Bb5 Nf6 4. d3 Bc5 5. O-O d6 6. c3 O-O 7. Nbd2 Bg4 8. Re1 a6 9. Ba4 b5 10. Bb3 Re8 11. h3 Bh5 12. Nf1 d5 13. Qe2 d4 14. Ng3 Bg6 15. Nh4 Rb8 16. Nhf5 Nd7 17. h4 Bxf5 18. Nxf5 Nf6 19. Qf3 Ne7 20. Nh6+ Kf8 21. Bxf7 Ng6 22. Bxe8 Qxe8 23. Bg5 Rb6 24. Nf5 Kg8 25. b4 Bf8 26. cxd4 exd4 27. Rec1 Qd7 28. a3 Re6 29. Rc2 c6 30. Rac1 Be7 31. g4 h6 32. Bf4 Kf7 33. g5 hxg5 34. hxg5 Nh7 35. Qg3 Nxf4 36. Qxf4 Bxg5 37. Nh6+ Ke8 38. Qb8+ Ke7 39. Nf5+ Kf7 40. Rf1 Rg6 41. Kh1 Bd8 42. f4 Nf6 43. Qd6 1-0

[Event "DVM U14 2021"]
[Site "Willingen"]
[Date "2022.08.13"]
[Round "2"]
[White "Malan, Jan-Willem"]
[Black "Borgert, Alexander"]
[Result "0-1"]
[ECO "A25"]
[WhiteElo "1747"]
[BlackElo "1477"]
[Annotator "NA RC COMBH"]
[PlyCount "46"]
[EventDate "2022.08.12"]
[EventType "team-tourn"]
[EventRounds "7"]
[EventCountry "GER"]
[SourceTitle "playchess.com"]
[Source "ChessBase"]
[SourceQuality "1"]
[TimeControl "40/5400+30:1800+30"]

1. c4 e5 2. g3 Nc6 3. Bg2 Bc5 4. Nc3 d6 5. e3 a6 6. Nge2 Ba7 7. O-O h5 8. d4 h4 9. dxe5 Nxe5 10. Qa4+ Bd7 11. Qb3 Rb8 12. Nf4 g5 13. Nfe2 h3 14. Bh1 Qf6 15. Rd1 Nf3+ 16. Kf1 Nxh2+ 17. Kg1 Nf3+ 18. Kf1 h2 19. Nd5 Bh3+ 20. Bg2 h1=Q+ 21. Ng1 Qxg2+ 22. Ke2 Nxg1+ 23. Ke1 Qfxf2# 0-1

[Event "DVM U14 2021"]
[Site "Willingen"]
[Date "2022.08.13"]
[Round "2"]
[White "Tomasjan, Samuel"]
[Black "Goldinov, Daniel"]
[Result "1-0"]
[ECO "B13"]
[WhiteElo "1741"]
[BlackElo "1546"]
[Annotator "NA RC COMBH"]
[PlyCount "31"]
[EventDate "2022.08.12"]
[EventType "team-tourn"]
[EventRounds "7"]
[EventCountry "GER"]
[SourceTitle "playchess.com"]
[Source "ChessBase"]
[SourceQuality "1"]
[TimeControl "40/5400+30:1800+30"]

1. e4 c6 2. d4 d5 3. exd5 cxd5 4. c4 Nf6 5. Nc3 Nc6 6. Bg5 dxc4 7. Bxc4 Nxd4 8. Nge2 Nxe2 9. Bxf7+ Kxf7 10. Qxd8 Nxc3 11. bxc3 g6 12. Bxf6 exf6 13. Qc7+ Be7 14. O-O b6 15. Rfe1 Re8 16. Re3 1-0

[Event "DVM U14 2021"]
[Site "Willingen"]
[Date "2022.08.13"]
[Round "2"]
[White "Schoen, Florian"]
[Black "Bezsonna, Polina"]
[Result "0-1"]
[ECO "B23"]
[WhiteElo "1688"]
[BlackElo "1631"]
[Annotator "NA RC COMBH"]
[PlyCount "84"]
[EventDate "2022.08.12"]
[EventType "team-tourn"]
[EventRounds "7"]
[EventCountry "GER"]
[SourceTitle "playchess.com"]
[Source "ChessBase"]
[SourceQuality "1"]
[TimeControl "40/5400+30:1800+30"]

1. e4 c5 2. Nc3 Nc6 3. f4 g6 4. Nf3 Bg7 5. Bb5 Nd4 6. Nxd4 cxd4 7. Ne2 b6 8. O-O e6 9. c3 dxc3 10. bxc3 Bb7 11. Qc2 Ne7 12. d4 O-O 13. Ba3 a6 14. Bxe7 Qxe7 15. Bd3 Rfc8 16. Rab1 Qd8 17. Qb3 b5 18. Rf2 Rab8 19. Rbf1 f5 20. exf5 Bd5 21. Qa3 exf5 22. Qxa6 Bf8 23. a4 Rb6 24. Qa5 Ra8 25. Qxa8 Qxa8 26. Bxb5 Bc6 27. c4 Bxb5 28. axb5 d5 29. c5 Rxb5 30. Nc3 Rb4 31. Ra2 Qc6 32. Ne2 Bg7 33. Rd1 Qb7 34. Rdd2 h6 35. Kf2 Rb3 36. Nc1 Rb4 37. Ne2 Qb8 38. h3 Rb3 39. Kf1 g5 40. Kf2 Qe8 41. Rab2 Qe3+ 42. Kf1 Bxd4 0-1

[Event "DVM U14 2021"]
[Site "Willingen"]
[Date "2022.08.13"]
[Round "2"]
[White "Schwan, Aaron"]
[Black "Ehrig, Leon Chris"]
[Result "0-1"]
[ECO "B44"]
[WhiteElo "1672"]
[BlackElo "1832"]
[Annotator "NA RC COMBH"]
[PlyCount "48"]
[EventDate "2022.08.12"]
[EventType "team-tourn"]
[EventRounds "7"]
[EventCountry "GER"]
[SourceTitle "playchess.com"]
[Source "ChessBase"]
[SourceQuality "1"]
[TimeControl "40/5400+30:1800+30"]

1. e4 c5 2. Nf3 Nc6 3. d4 cxd4 4. Nxd4 e6 5. c4 Nf6 6. Nc3 Bb4 7. Qd3 Qa5 8. Bd2 O-O 9. Be2 d5 10. cxd5 exd5 11. Nxc6 bxc6 12. e5 Nd7 13. f4 Nc5 14. Qc2 d4 15. Nb1 d3 16. Bxd3 Nxd3+ 17. Qxd3 Ba6 18. Bxb4 Qxb4+ 19. Qd2 Qe4+ 20. Kf2 Rad8 21. Qc1 Qe2+ 22. Kg3 Rd3+ 23. Kh4 Bc8 24. h3 Qf2+ 0-1

[Event "DVM U14 2021"]
[Site "Willingen"]
[Date "2022.08.13"]
[Round "2"]
[White "Reus, Nicholas"]
[Black "Bungarten, Jona"]
[Result "0-1"]
[ECO "D32"]
[WhiteElo "1663"]
[BlackElo "1834"]
[Annotator "NA RC COMBH"]
[PlyCount "92"]
[EventDate "2022.08.12"]
[EventType "team-tourn"]
[EventRounds "7"]
[EventCountry "GER"]
[SourceTitle "playchess.com"]
[Source "ChessBase"]
[SourceQuality "1"]
[TimeControl "40/5400+30:1800+30"]

1. c4 e6 2. Nc3 d5 3. d4 c5 4. e3 Nf6 5. Nf3 a6 6. cxd5 exd5 7. dxc5 Bxc5 8. Be2 O-O 9. O-O Nc6 10. a3 Qd6 11. Nd4 Bb6 12. f4 Re8 13. Rf3 Bg4 14. Rg3 Bxe2 15. Ncxe2 Qd7 16. Qd3 Ne4 17. Rh3 Rac8 18. b3 Nxd4 19. exd4 Qg4 20. Rf3 Re6 21. f5 Rec6 22. h3 Qh4 23. Be3 Rc2 24. Rc1 Rxc1+ 25. Bxc1 Qf6 26. Be3 Qd6 27. a4 Qa3 28. f6 Nxf6 29. Rxf6 gxf6 30. Bh6 Qd6 31. Qf3 f5 32. Qxf5 Re8 33. Qg5+ Qg6 34. Kf2 Qxg5 35. Bxg5 Kg7 36. Be3 Rc8 37. Nf4 Rc3 38. Nxd5 Rxb3 39. Nxb6 Rxb6 40. Bd2 Kf6 41. a5 Rb3 42. h4 Kf5 43. h5 Ke4 44. g4 Kxd4 45. g5 Rh3 46. Kg2 Rxh5 0-1

[Event "DVM U14 2021"]
[Site "Willingen"]
[Date "2022.08.13"]
[Round "2"]
[White "Herfurt, Manuel"]
[Black "Krüger, Arthur"]
[Result "0-1"]
[ECO "D02"]
[WhiteElo "1656"]
[BlackElo "1996"]
[Annotator "TA"]
[PlyCount "82"]
[EventDate "2022.08.12"]
[EventType "team-tourn"]
[EventRounds "7"]
[EventCountry "GER"]
[SourceTitle "playchess.com"]
[Source "ChessBase"]
[SourceQuality "1"]
[TimeControl "40/5400+30:1800+30"]

1. d4 d5 2. Nf3 Nf6 3. Bf4 e6 4. e3 c5 5. Be2 Bd6 6. Bxd6 {[%emt 0:01:30] D02: 1 d4 d5 2 Nf3 sidelines, including 2...Nf6 3 g3 and 2...Nf6 3 Bf4.} Qxd6 7. c3 c4 {[%emt 0:04:37] [#]} (7... O-O $11) 8. b3 $146 {[%emt 0:07:28] White is slightly better.} ({Predecessor:} 8. Nbd2 Nc6 9. O-O O-O 10. h3 h6 11. b3 b5 12. a4 bxa4 13. bxc4 dxc4 14. Nxc4 {0-1 (41) Kuzmanovic,A (2026)-Markovic,V (1253) Serbia 2017}) 8... cxb3 $1 9. axb3 O-O 10. O-O Nbd7 11. c4 b6 {[%emt 0:03:35] Against c5} 12. cxd5 exd5 13. Nc3 a6 {[%emt 0:01:08] Inhibits Nb5.} 14. Qc2 Bb7 15. Rfc1 Rfc8 16. Qb2 b5 17. h3 Rc6 18. Nd1 Rac8 19. Rxc6 Qxc6 20. Ne1 Qb6 21. Rc1 ({White should try} 21. b4 $16) 21... a5 (21... Rxc1 $11 22. Qxc1 Ne4) 22. Rxc8+ $16 Bxc8 23. Qc2 (23. b4 $1 $16) 23... Bb7 $11 24. Nc3 Bc6 (24... b4 $5 25. Na4 Qc6 $11) 25. Qd3 b4 26. Nb1 a4 27. bxa4 Bxa4 28. Qa6 Qxa6 29. Bxa6 Ne4 30. Kf1 Nb6 31. Bd3 Nc4 32. Ke2 (32. Nc2 $1 $11) 32... Na3 $1 $17 {[%emt 0:01:25] White must now prevent ...Nxb1. Black is much more active. The white rooks are badly placed.} 33. f3 Nxb1 34. fxe4 {[%emt 0:00:54][%mdl 4096] Endgame KBN-KBN} Nc3+ 35. Kd2 ({Avoid the trap} 35. Kf3 $2 dxe4+ 36. Bxe4 Bd1+ 37. Kf4 Nxe4 $19) 35... Nxe4+ (35... dxe4 $17 36. Bc4 Bc6) 36. Bxe4 {[%emt 0:01:02][%mdl 8192] Loses the game.} (36. Kc1 $15) 36... dxe4 $19 37. Nc2 Bxc2 ({Not} 37... b3 38. Na3 $15) 38. Kxc2 $17 {[%emt 0:00:04] [#] KP-KP} f5 $1 {[%emt 0:00:09][%cal Of5f4] ( -> ...f4!)} 39. Kb3 {[%emt 0:03:47] [#]} f4 $1 {[%emt 0:00:33] Black mates.} 40. Kxb4 f3 41. gxf3 exf3 {[%emt 0:30:12] Weighted Error Value: White=0.70/Black=0.12 (very precise)} 0-1

[Event "DVM U14 2021"]
[Site "Willingen"]
[Date "2022.08.13"]
[Round "2"]
[White "Gold, Jan Christian"]
[Black "Vecera, Fabio"]
[Result "1-0"]
[ECO "D90"]
[WhiteElo "1638"]
[BlackElo "1527"]
[Annotator "NA RC COMBH"]
[PlyCount "35"]
[EventDate "2022.08.12"]
[EventType "team-tourn"]
[EventRounds "7"]
[EventCountry "GER"]
[SourceTitle "playchess.com"]
[Source "ChessBase"]
[SourceQuality "1"]
[TimeControl "40/5400+30:1800+30"]

1. d4 Nf6 2. c4 g6 3. Nc3 d5 4. Bf4 Bg7 5. Nf3 c6 6. e3 O-O 7. cxd5 cxd5 8. Bd3 Nc6 9. a3 e6 10. O-O a6 11. Rc1 Nh5 12. Bg5 f6 13. Bh4 g5 14. Nxg5 fxg5 15. Qxh5 gxh4 16. Bxh7+ Kh8 17. Bg6+ Kg8 18. Qh7# 1-0

[Event "DVM U14 2021"]
[Site "Willingen"]
[Date "2022.08.13"]
[Round "2"]
[White "Chugunov, Ivan"]
[Black "Kiefhaber, Tobias"]
[Result "1-0"]
[ECO "B16"]
[WhiteElo "1630"]
[BlackElo "1581"]
[Annotator "NA RC COMBH"]
[PlyCount "85"]
[EventDate "2022.08.12"]
[EventType "team-tourn"]
[EventRounds "7"]
[EventCountry "GER"]
[SourceTitle "playchess.com"]
[Source "ChessBase"]
[SourceQuality "1"]
[TimeControl "40/5400+30:1800+30"]

1. e4 c6 2. d4 d5 3. Nc3 dxe4 4. Nxe4 Nf6 5. Nxf6+ gxf6 6. c3 Bf5 7. Bf4 e6 8. Bd3 Bg6 9. Nf3 Bd6 10. Bg3 Qc7 11. Nh4 Nd7 12. a4 c5 13. dxc5 Bxg3 14. hxg3 Bxd3 15. Qxd3 Qe5+ 16. Kf1 Qxc5 17. Nf3 f5 18. Nd4 O-O-O 19. Rh4 Nf6 20. Qb5 Ne4 21. f3 Qxb5+ 22. axb5 Nxg3+ 23. Kf2 e5 24. Kxg3 f4+ 25. Kh3 exd4 26. Rxf4 d3 27. Rd1 Rhe8 28. Rc4+ Kb8 29. b4 Rd5 30. g4 d2 31. Rd4 Red8 32. R1xd2 Rxd4 33. Rxd4 Rxd4 34. cxd4 Kc7 35. Kh4 Kb6 36. Kg5 Kxb5 37. d5 a5 38. bxa5 Kc5 39. Kf6 Kxd5 40. f4 Kc5 41. Kxf7 Kb5 42. f5 Kxa5 43. Kg7 1-0

[Event "DVM U14 2021"]
[Site "Willingen"]
[Date "2022.08.13"]
[Round "2"]
[White "Bolz, Jannis"]
[Black "Gering, Jakob"]
[Result "0-1"]
[ECO "D96"]
[WhiteElo "1616"]
[BlackElo "1349"]
[Annotator "NA RC COMBH"]
[PlyCount "56"]
[EventDate "2022.08.12"]
[EventType "team-tourn"]
[EventRounds "7"]
[EventCountry "GER"]
[SourceTitle "playchess.com"]
[Source "ChessBase"]
[SourceQuality "1"]
[TimeControl "40/5400+30:1800+30"]

1. d4 Nf6 2. c4 g6 3. Nc3 d5 4. Qb3 c6 5. Nf3 Bg7 6. Bg5 Ne4 7. Bf4 O-O 8. e3 b6 9. Nxe4 dxe4 10. Ng5 Bf5 11. Qc2 c5 12. dxc5 bxc5 13. Be2 Qa5+ 14. Kf1 h6 15. Nxe4 Nc6 16. f3 Nb4 17. Qb1 g5 18. Bg3 Bxe4 19. fxe4 Qa4 20. Bd1 Qd7 21. Be1 Qe6 22. Be2 Nc6 23. g4 Ne5 24. Qc1 Nxg4 25. Bd3 Ne5 26. Qc2 Qh3+ 27. Ke2 Qf3+ 28. Kd2 Qxh1 0-1

[Event "DVM U14 2021"]
[Site "Willingen"]
[Date "2022.08.13"]
[Round "2"]
[White "Mehner, Lorenz"]
[Black "Prinzen, Siri Marleen"]
[Result "1-0"]
[ECO "D36"]
[WhiteElo "1602"]
[BlackElo "1801"]
[Annotator "NA RC COMBH"]
[PlyCount "51"]
[EventDate "2022.08.12"]
[EventType "team-tourn"]
[EventRounds "7"]
[EventCountry "GER"]
[SourceTitle "playchess.com"]
[Source "ChessBase"]
[SourceQuality "1"]
[TimeControl "40/5400+30:1800+30"]

1. d4 d5 2. c4 e6 3. Nc3 Nf6 4. cxd5 exd5 5. Bg5 Be7 6. e3 c6 7. Bd3 Nbd7 8. h3 O-O 9. Nf3 Re8 10. Qc2 Ne4 11. Bxe4 dxe4 12. Nxe4 Qa5+ 13. Qd2 Bb4 14. Nc3 Nb6 15. O-O Nd5 16. Rfc1 Nxc3 17. bxc3 Ba3 18. Rd1 Bf5 19. Bh4 Qb5 20. Re1 f6 21. Rad1 Be4 22. Bg3 Rad8 23. Nh2 Qg5 24. Nf1 h5 25. h4 c5 26. hxg5 1-0

[Event "DVM U14 2021"]
[Site "Willingen"]
[Date "2022.08.13"]
[Round "2"]
[White "Gotfried, Elias"]
[Black "Römer, Uri"]
[Result "0-1"]
[ECO "C55"]
[WhiteElo "1589"]
[BlackElo "1485"]
[Annotator "NA RC COMBH"]
[PlyCount "50"]
[EventDate "2022.08.12"]
[EventType "team-tourn"]
[EventRounds "7"]
[EventCountry "GER"]
[SourceTitle "playchess.com"]
[Source "ChessBase"]
[SourceQuality "1"]
[TimeControl "40/5400+30:1800+30"]

1. e4 e5 2. Nf3 Nc6 3. Bc4 Nf6 4. Nc3 Nxe4 5. Bxf7+ Kxf7 6. Nxe4 d5 7. Neg5+ Kg8 8. d3 h6 9. Nh3 Bg4 10. Nhg1 e4 11. dxe4 dxe4 12. Qxd8 Rxd8 13. Nd2 Nd4 14. Rb1 Nxc2+ 15. Kf1 Bb4 16. h3 Be6 17. b3 Bxd2 18. Bxd2 Rxd2 19. g4 Kh7 20. Ne2 Rf8 21. Rh2 Bd7 22. a4 b5 23. Nc3 e3 24. Ne4 e2+ 25. Kg1 Rd1+ 0-1

[Event "DVM U14 2021"]
[Site "Willingen"]
[Date "2022.08.13"]
[Round "2"]
[White "Beyer, Lorenz"]
[Black "Freude, Max"]
[Result "1/2-1/2"]
[ECO "D02"]
[WhiteElo "1587"]
[BlackElo "1819"]
[Annotator "NA RC COMBH"]
[PlyCount "41"]
[EventDate "2022.08.12"]
[EventType "team-tourn"]
[EventRounds "7"]
[EventCountry "GER"]
[SourceTitle "playchess.com"]
[Source "ChessBase"]
[SourceQuality "1"]
[TimeControl "40/5400+30:1800+30"]

1. d4 Nf6 2. Bf4 d5 3. e3 c5 4. c3 Nc6 5. Nf3 Qb6 6. Qc2 g6 7. dxc5 Qxc5 8. Bd3 Bg7 9. Nbd2 O-O 10. O-O Nh5 11. Bg5 f5 12. Nb3 Qb6 13. Nfd4 e5 14. Nxc6 bxc6 15. c4 Be6 16. Be7 Rf7 17. Ba3 Bf8 18. Bxf8 Raxf8 19. cxd5 cxd5 20. Qc5 Rc8 21. Qxb6 1/2-1/2

[Event "DVM U14 2021"]
[Site "Willingen"]
[Date "2022.08.13"]
[Round "2"]
[White "Widmann, Maximilian"]
[Black "Pichl, Christoph"]
[Result "1-0"]
[ECO "A09"]
[WhiteElo "1573"]
[BlackElo "1617"]
[Annotator "NA RC COMBH"]
[PlyCount "117"]
[EventDate "2022.08.12"]
[EventType "team-tourn"]
[EventRounds "7"]
[EventCountry "GER"]
[SourceTitle "playchess.com"]
[Source "ChessBase"]
[SourceQuality "1"]
[TimeControl "40/5400+30:1800+30"]

1. Nf3 d5 2. c4 dxc4 3. Na3 Nf6 4. Nxc4 g6 5. d4 Bg7 6. g3 Bg4 7. Nce5 Nbd7 8. Bf4 O-O 9. Bg2 c6 10. O-O Bf5 11. Re1 Nd5 12. Nxd7 Bxd7 13. Bd2 Qb6 14. e4 Nf6 15. Bc3 Rad8 16. Qd2 Be6 17. Ba5 Qb5 18. Bxd8 Rxd8 19. a4 Qb6 20. Rad1 Ne8 21. Qe3 Bb3 22. Rd2 Nd6 23. Qc3 Bxa4 24. Qc5 Qc7 25. Qxa7 Bb5 26. d5 Nc4 27. Rc2 Nxb2 28. dxc6 Bxc6 29. Rb1 Nd3 30. Bf1 Ne5 31. Nxe5 Qxe5 32. Bg2 f5 33. Qe3 fxe4 34. Re2 Rd7 35. Bxe4 Bxe4 36. Qxe4 Qxe4 37. Rxe4 Bd4 38. Kf1 Bc5 39. Ke2 Kf7 40. h4 b6 41. Kf3 Rd2 42. Re2 Rxe2 43. Kxe2 Kf6 44. Kf3 Kf5 45. g4+ Kf6 46. Ke4 h6 47. f4 Ke6 48. Rb2 Kf7 49. Rg2 Bd6 50. h5 b5 51. f5 g5 52. Kd5 b4 53. Re2 Kg7 54. Re6 b3 55. Re3 b2 56. Rb3 Ba3 57. Ke6 Bc5 58. Rxb2 Bd4 59. Rb7 1-0

[Event "DVM U14 2021"]
[Site "Willingen"]
[Date "2022.08.13"]
[Round "2"]
[White "Lipinsky, Pierre"]
[Black "Finck, Jonathan"]
[Result "1-0"]
[ECO "D53"]
[WhiteElo "1560"]
[BlackElo "1424"]
[Annotator "NA RC COMBH"]
[PlyCount "161"]
[EventDate "2022.08.12"]
[EventType "team-tourn"]
[EventRounds "7"]
[EventCountry "GER"]
[SourceTitle "playchess.com"]
[Source "ChessBase"]
[SourceQuality "1"]
[TimeControl "40/5400+30:1800+30"]

1. d4 d5 2. c4 e6 3. Nc3 Nf6 4. Bg5 Be7 5. cxd5 Nxd5 6. Bxe7 Qxe7 7. Nf3 Nd7 8. e4 Nxc3 9. bxc3 Nf6 10. Bd3 O-O 11. O-O b6 12. Qc2 g6 13. h3 Bb7 14. Rfe1 Rfd8 15. Re3 Rac8 16. Ne5 Nd7 17. f4 Nxe5 18. fxe5 c5 19. Rf3 cxd4 20. c4 b5 21. Raf1 Rf8 22. Qe2 bxc4 23. Bxc4 Bxe4 24. Rf6 Qc5 25. Qxe4 Qxc4 26. R6f4 Rcd8 27. Rh4 Qc3 28. Rf3 Qc1+ 29. Kh2 Rb8 30. Qxd4 Rb1 31. Rhf4 h5 32. Qxa7 h4 33. Rf1 Qb2 34. Rxb1 Qxb1 35. Rxh4 Qe1 36. Qd4 Qa5 37. Qf4 f6 38. Qg3 Qxe5 39. Qxe5 fxe5 40. Re4 Ra8 41. Rxe5 Kf7 42. Re2 Kf6 43. Kg3 g5 44. Kf3 Kf5 45. Kf2 e5 46. g3 Rh8 47. Kg2 Ra8 48. Kf1 Ra3 49. Kf2 Ra8 50. h4 gxh4 51. gxh4 Ra4 52. Kg3 Ra3+ 53. Kg2 Ra4 54. h5 Rh4 55. Rf2+ Ke6 56. Kg3 Rxh5 57. Rf8 Rh7 58. Ra8 Rf7 59. a4 Kd7 60. Ra7+ Ke8 61. Rxf7 Kxf7 62. a5 e4 63. a6 e3 64. a7 e2 65. Kf2 Ke7 66. a8=R e1=B+ 67. Kxe1 Kd6 68. Ra5 Ke6 69. Ke2 Kd6 70. Kd3 Ke6 71. Ke4 Kd6 72. Rh5 Kc6 73. Kd4 Kb6 74. Kc4 Ka6 75. Rb5 Ka7 76. Kc5 Ka6 77. Kc6 Ka7 78. Rb1 Ka8 79. Kb6 Kb8 80. Rc1 Ka8 81. Rc8# 1-0